 Dungeon Crawl Stone Soup version 0.31-a0-981-geadf994542 (webtiles) character file.

Game seed: 4388301138297896284

402 sammy202020 the Shield-Bearer (level 7, -1/55 HPs)
             Began as a Formicid Fighter on Nov 1, 2023.
             Killed by divine providence
             ... invoked by an orc priest
              (13 damage)
             ... on level 4 of the Dungeon.
             The game lasted 00:04:19 (3446 turns).

sammy202020 the Shield-Bearer (Formicid Fighter)    Turns: 3446, Time: 00:04:20

Health: -1/55      AC: 12    Str: 20    XL:     7   Next: 11%
Magic:  6/6        EV:  8    Int: 10    God:
Gold:   194        SH:  5    Dex: 13    Spells: 6/6 levels left

rFire   . . .        a - +0 flail (chaos)
rCold   . . .        c - +0 buckler
rNeg    . . .        s - +0 chain mail
rPois   .            (helmet unavailable)
rElec   .            f - +0 cloak
rCorr   .            (no gloves)
SInv    +            g - +0 pair of boots
Will    +....        (no amulet) Stlth
                     o - ring of willpower
HPRegen 0.29/turn    (no ring)
MPRegen 0.10/turn

%: no passive effects
@: no status effects
A: permanent stasis, dig shafts and tunnels, antennae 3, four strong arms, low
MP 1
a: Dig, Shaft Self


You were on level 4 of the Dungeon.
You visited 1 branch of the dungeon, and saw 4 of its levels.

You collected 194 gold pieces.

Inventory:

Hand Weapons
 a - a +0 flail of chaos (weapon)
Missiles
 q - 2 boomerangs
Armour
 c - a +0 buckler (worn)
 f - a +0 cloak (worn)
 g - a +0 pair of boots (worn)
 s - a +0 chain mail (worn)
Jewellery
 h - an amulet of faith
 j - a ring of ice
 o - a ring of willpower (left hand)
Wands
 i - a wand of flame (16)
Scrolls
 m - 2 scrolls of fear
Potions
 b - a potion of lignification
 d - a potion of might
 e - 2 potions of curing
 n - a potion of degeneration {unknown}
 r - a potion of magic {unknown}


   Skills:
 * Level 4.9 Fighting
 * Level 3.6 Maces & Flails
 * Level 4.7 Armour
 + Level 1.7 Dodging
 * Level 5.8 Shields


You had 6 spell levels left.
You didn't know any spells.
Your spell library contained the following spells:

 Spells                   Type           Power      Damage    Failure   Level
 Lesser Beckoning         Tloc           0%         N/A       99%         2
 Gell's Gravitas          Tloc           0%         N/A       100%        3
 Teleport Other           Tloc           0%         N/A       100%        3


Dungeon Overview and Level Annotations

Branches:
Dungeon (4/15)
 Temple: D:4-7

Altars:
Dithmenos
Elyvilon

Shops:
D:1 :


Innate Abilities, Weirdness & Mutations

You cannot be hasted, slowed, berserked, paralysed or teleported.
You can dig through walls and to a lower floor.
You have a pair of large antennae on your head. (SInv)
Your four strong arms can wield two-handed weapons with a shield.
Your magical capacity is low. (-10% MP)


Message History

You block the orc warrior's attack.
The orc priest attacks as it pursues you!
You block the orc priest's attack.
The orc warrior attacks as it pursues you!
The orc warrior closely misses you. The orc priest completely misses you.
You sock the orc priest!
The orc priest is almost dead.
The orc priest hits you with a +0 hand axe.
You closely miss the orc priest.
The orc priest is almost dead.
The orc priest invokes the aid of Beogh against you.
Beogh smites you!
Okay, then.
Okay, then.
You hit the orc warrior.
You feel better.
The orc warrior is lightly wounded.
The orc warrior hits you but does no damage.
You closely miss the orc warrior.
The orc warrior is lightly wounded.
The orc warrior closely misses you.
You hit the orc warrior.
The orc warrior suddenly seems more resistant.
The orc warrior is moderately wounded.
The orc warrior hits you but does no damage.
The orc priest looks encouraged for a moment.
You hit the orc warrior but do no damage.
The orc warrior is moderately wounded.
The orc warrior hits you with a +0 flail!
The orc warrior hits you with a +0 flail.
You hit the orc warrior but do no damage.
The orc warrior is moderately wounded.
The orc warrior hits you with a +0 flail!
* * * LOW HITPOINT WARNING * * *
You closely miss the orc warrior.
The orc warrior is moderately wounded.
The orc warrior closely misses you.
The orc priest invokes the aid of Beogh against you.
Beogh smites you!
You die...

,..# #.# ,#.##
..<# #..# #.)#
##### #..#
##...######J.#
#..#)...@ooo.#
#.###.######.#
#..#..# .#
##[..## .#
##.## ..
#.#######..#
#...[......#
#.#######..#
#.# ##


You could see an orc warrior (resistant), a jelly and 2 orc priests.

Vanquished Creatures
  2 bullfrogs (D:4)
  A howler monkey (D:4)
  2 orc priests (D:4)
  Jessica (D:2)
  Terence (D:3)
  Natasha (D:4)
  Robin (D:2)
  2 adders
  2 dart slugs
  3 orcs (D:4)
  4 ball pythons
  3 endoplasms
  3 giant cockroaches
  10 goblins
  13 hobgoblins
  4 jackals (D:3)
  A quokka (D:1)
  3 bats
  6 frilled lizards
  A kobold (D:2)
  4 rats
68 creatures vanquished.

Notes
Turn   | Place    | Note
-------+----------+-------------------------------------------
     0 | D:1      | sammy202020 the Formicid Fighter began the quest for the
                  | Orb.
     0 | D:1      | Reached XP level 1. HP: 18/18 MP: 1/1
   364 | D:1      | Reached XP level 2. HP: 23/24 MP: 2/2
   372 | D:1      | Found Yfut's Book Boutique.
   764 | D:1      | Reached XP level 3. HP: 29/29 MP: 3/3
   977 | D:2      | Noticed Robin
  1026 | D:2      | Killed Robin
  1027 | D:2      | Reached XP level 4. HP: 9/32 MP: 4/4
  1616 | D:2      | Noticed Jessica
  1629 | D:2      | Killed Jessica
  1630 | D:2      | Reached skill level 1 in Dodging
  1938 | D:3      | Reached XP level 5. HP: 42/42 MP: 5/5
  2085 | D:3      | Found a shadowy altar of Dithmenos.
  2188 | D:3      | Noticed Terence
  2201 | D:3      | Killed Terence
  2202 | D:3      | Reached skill level 5 in Shields
  2928 | D:3      | Found a white marble altar of Elyvilon.
  3099 | D:3      | Gained mutation: Your magical capacity is low. (-10% MP)
                  | [potion of mutation]
  3198 | D:4      | Noticed a bullfrog
  3198 | D:4      | Noticed a bullfrog
  3210 | D:4      | Killed a bullfrog
  3211 | D:4      | Reached XP level 6. HP: 27/49 MP: 5/5
  3222 | D:4      | Noticed Natasha
  3228 | D:4      | Killed Natasha
  3333 | D:4      | Reached XP level 7. HP: 55/55 MP: 6/6
  3446 | D:4      | Killed from afar by an orc priest

Illustrated notes

Levels and vault maps discovered:
D:1:      ncdulo_smallfort, layout_loops_ring, serial_shops,
          nicolae_book_shop_shelving, chequers_serial_rivers_micro_c,
          minmay_pentomino_v4
D:2:      layout_rooms, uniq_jessica, uniq_robin
D:3:      layout_basic, mainiacjoe_overflow_alcove_4,
          lemuel_coloured_pillars_altar, st_stairs_5, chequers_jeans,
          nicolae_underground_beach, uniq_terence
D:4:      layout_loops_ring, tso_oasis_becter, uniq_natasha

Skill      XL: |  1  2  3  4  5 |
---------------+----------------+-----
Fighting       | 4 |  4.9
Dodging        | 1 |  1.7
Armour         | 4 |  4.7
Shields        | 5 |  5.8
Maces & Flails | 3 |  3.6

Action                     |  1- 3 |  4- 6 |  7- 9 || total
---------------------------+-------+-------+-------++-------
  Melee: Flail             |    87 |   155 |    20 ||   262
Ability: Dig               |     2 |       |       ||     2
    Use: Scroll            |     1 |     4 |       ||     5
         Potion            |     1 |     1 |       ||     2
 Armour: Scale mail        |    70 |    43 |       ||   113
         Chain mail        |       |    80 |    17 ||    97
  Dodge: Dodged            |    39 |    83 |     6 ||   128
  Block: Buckler           |    25 |    51 |     4 ||    80

Table legend: (Time is in decaauts)
 A = Elapsed time spent in this place.
 B = Non-inter-level travel time spent in this place.
 C = Inter-level travel time spent in this place.
 D = Time resting spent in this place.
 E = Time spent auto-exploring this place.
 F = Levels seen in this place.
 G = Mean time per level.
                   A        B        C        D        E       F      G
               +--------+--------+--------+--------+--------+-----+--------+
         Total |   3522 |   3427 |     95 |    582 |   2180 |   4 |  880.5 |
       Dungeon |   3522 |   3427 |     95 |    582 |   2180 |   4 |  880.5 |
               +--------+--------+--------+--------+--------+-----+--------+

Top non-repeatable levels by time:
     D:3: 1389 daAuts
     D:2: 1037 daAuts
     D:1: 837 daAuts
     D:4: 258 daAuts
